 Dungeon Crawl Stone Soup version 0.29.1-15-g9cfb28693d (webtiles) character file.

Game seed: 10290634715782392983

74 MacCMillion the Chopper (level 4, -1/33 (39) HPs)
             Began as a Hill Orc Fighter on Feb 28, 2023.
             Slain by a wight
             ... wielding a +3 scimitar
              (2 damage)
             ... on level 6 of the Dungeon.
             The game lasted 00:03:34 (3832 turns).

MacCMillion the Chopper (Hill Orc Fighter)          Turns: 3832, Time: 00:03:35

HP:   -1/33 (39)    AC: 14    Str: 20    XL:     4   Next: 28%
MP:   4/4           EV:  5    Int:  8    God:
Gold: 213           SH:  4    Dex: 10    Spells: 3/3 levels left

rFire   . . .      SeeInvis .   p - +0 hand axe
rCold   . . .      Faith    .   c - +0 buckler
rNeg    . . .      Spirit   .   r - +0 plate armour
rPois   .          Reflect  .   t - +2 helmet
rElec   .          Harm     .   (no cloak)
rCorr   .          Rampage  .   (no gloves)
Will    .....                   (no boots)
Stlth   ..........              (no amulet)
HPRegen 0.11/turn               (no ring)
MPRegen 0.09/turn               (no ring)

@: heavily drained
A: no striking features
a: no special abilities


You were on level 6 of the Dungeon.
You visited 1 branch of the dungeon, and saw 4 of its levels.

You collected 213 gold pieces.

Inventory:

Hand Weapons
 a - a +0 war axe
 p - a +0 hand axe (weapon)
Missiles
 g - 13 poisoned darts (quivered)
 o - 3 boomerangs
Armour
 c - a +0 buckler (worn)
 r - a +0 plate armour (worn)
 t - a +2 helmet (worn)
Scrolls
 b - a scroll of amnesia {unknown}
 e - 2 scrolls of fog {unknown}
 f - a scroll of enchant armour {unknown}
 h - 3 scrolls of enchant weapon {unknown}
 i - a scroll of noise {unknown}
 j - 2 scrolls of teleportation {unknown}
 k - a scroll of vulnerability {unknown}
 m - 2 scrolls of identify {unknown}
Potions
 d - 2 potions of might
 l - a potion of mutation {unknown}
 n - 2 potions of curing {unknown}
 q - a potion of lignification {unknown}
 s - a potion of attraction {unknown}


   Skills:
 - Level 3.6 Fighting
 + Level 5.2 Axes
 - Level 3.2 Armour
 - Level 4.0 Shields


You had 3 spell levels left.
You didn't know any spells.
Your spell library was empty.

Dungeon Overview and Level Annotations

Branches:
Dungeon (6/15)
 Temple: D:4-7

Altars:

Shops:
D:2 (


Message History

The adder is heavily wounded.
The adder bites you but does no damage.
You miss the adder.
The adder is heavily wounded.
The adder bites you but does no damage. x2
You hit the adder.
The adder is almost dead.
The adder bites you but does no damage.
You hit the adder.
You kill the adder!
No target in view!
Found 8 stones.
You now have 213 gold pieces (gained 8).
e - 2 scrolls labelled POTI XYLYMI (gained 1)
A sourceless malevolence fills the Dungeon...
You fall into a shaft and drop 3 floors!
The shaft crumbles and collapses.
Found a stone staircase leading up.
A wight comes into view. It is wielding a +3 scimitar.
You barely miss the wight. The wight hits you with a +3 scimitar.
You barely miss the wight. The wight hits you with a +3 scimitar.
You hit the wight.
The wight is moderately damaged.
The wight hits you with a +3 scimitar.
You feel drained.
You hit the wight.
The wight is heavily damaged.
The wight hits you with a +3 scimitar.
You feel drained.
You hit the wight.
The wight is severely damaged.
The wight hits you with a +3 scimitar!
You feel drained.
You closely miss the wight.
The wight is severely damaged.
The wight hits you with a +3 scimitar!
* * * LOW HITPOINT WARNING * * *
You hit the wight.
The wight is severely damaged.
The wight hits you with a +3 scimitar.
* * * LOW HITPOINT WARNING * * *
You feel drained.
You die...

###.........#
.....<.....##
#.....z.....
#.........#
#.........#
#.........#
#.........#
#########.........
.......@z.........
#....####.#.......
... ..#.#...## #
....#...#
##########


You could see a wight.

Vanquished Creatures
  3 adders
  3 worms
  5 orcs
  2 ball pythons
  3 endoplasms
  2 giant cockroaches
  A hobgoblin (D:1)
  A kobold (D:2)
  A quokka (D:1)
  3 bats
  4 frilled lizards
  2 goblins
  5 rats
35 creatures vanquished.

Notes
Turn   | Place    | Note
-------+----------+-------------------------------------------
     0 | D:1      | MacCMillion the Hill Orc Fighter began the quest for the
                  | Orb.
     0 | D:1      | Reached XP level 1. HP: 19/19 MP: 1/1
   262 | D:1      | Reached skill level 3 in Axes
   934 | D:2      | Reached XP level 2. HP: 26/26 MP: 2/2
  1302 | D:2      | Found Qughek's Antique Weapon Shoppe.
  1400 | D:2      | Reached XP level 3. HP: 31/31 MP: 3/3
  1450 | D:2      | Reached skill level 4 in Axes
  3344 | D:3      | Reached XP level 4. HP: 39/39 MP: 4/4
  3370 | D:3      | Noticed a bullfrog
  3385 | D:3      | Found a faded altar of an unknown god.
  3530 | D:3      | Reached skill level 5 in Axes
  3813 | D:3      | You fall into a shaft and drop 3 floors!
  3832 | D:6      | HP: 1/34 [wight/+3 scimitar (5)]
  3832 | D:6      | Slain by a wight

Illustrated notes

Levels and vault maps discovered:
D:1:      amcnicky_arrival_abandoned_market, layout_basic, chequers_garden,
          minivault_5
D:2:      layout_loops_corners, serial_shops, nicolae_lakefront_shop,
          hangedman_decor_clover_reticule
D:3:      layout_rooms, ebering_ecumenical_altar_box, lightli_corner_chamber
D:6:      layout_loops_ring, minmay_temple_entry_mist, gammafunk_ghost_arena

Skill      XL: |  1  2  3  4 |
---------------+-------------+-----
Axes           | 3 4 5 |  5.2
Shields        | 4 |  4.0
Fighting       | |  3.6
Armour         | |  3.2

Action                   |  1- 3 |  4- 6 || total
-------------------------+-------+-------++-------
Melee: War axe           |    79 |       ||    79
       Hand axe          |    24 |    36 ||    60
Armor: Scale mail        |    31 |       ||    31
       Chain mail        |     9 |       ||     9
       Plate armour      |       |    16 ||    16
Dodge: Dodged            |    38 |     3 ||    41
Block: Buckler           |    21 |     6 ||    27
